 Dungeon Crawl Stone Soup version 0.21-a0-404-g291f19a (webtiles) character file.

1808 FerrousOx the Summoner (level 8, -2/53 HPs)
             Began as a Vampire Summoner on Oct 30, 2017.
             Was an Initiate of Ru.
             Slain by a killer bee (6 damage)
             ... on level 7 of the Dungeon.
             The game lasted 01:05:23 (13855 turns).

FerrousOx the Summoner (Vampire Summoner)          Turns: 13855, Time: 01:05:24

Health: -2/53      AC:  5    Str: 11    XL:     8   Next: 84%
Magic:  16/16      EV: 17    Int: 18    God:    Ru [......]
Gold:   17         SH:  0    Dex: 20    Spells: 4/17 levels left

rFire    . . .     SeeInvis +   Q - +3 spear (freeze)
rCold    + . .     Gourm    .   (no shield)
rNeg     + + .     Faith    .   a - +0 robe
rPois    +         Spirit   .   (no helmet)
rElec    .         Reflect  .   y - +0 cloak
rCorr    .         Harm     .   r - +1 pair of gloves {Str+3}
MR       .....                  (no boots)
Stlth    ++++......             u - amulet of magic regeneration
HPRegen  0.08/turn              t - +3 ring of evasion
MPRegen  0.40/turn              G - +5 ring of dexterity

@: lethally poisoned (-2 -> -8), about to teleport, regenerating slowly
A: fangs 3, see invisible, unbreathing
a: Bat Form, Renounce Religion


You were on level 7 of the Dungeon.
You worshipped Ru.
Ru was noncommittal.
You were very thirsty.

You visited 1 branch of the dungeon, and saw 7 of its levels.

You collected 263 gold pieces.
You spent 246 gold pieces at shops.

Inventory:

Hand Weapons
 x - a +2 flail of protection
 J - a +0 dagger of venom
 Q - a +3 spear of freezing (weapon)
Missiles
 f - 138 stones (quivered)
 j - 131 arrows
 k - 6 javelins
 w - 18 poisoned needles
 I - 5 tomahawks
 M - 3 throwing nets
Armour
 a - a +0 robe (worn)
 l - a +0 helmet
 r - a +1 pair of gloves of strength (worn)
 y - a +0 cloak (worn)
Jewellery
 t - a +3 ring of evasion (left hand)
 u - an amulet of magic regeneration (around neck)
 G - a +5 ring of dexterity (right hand)
Wands
 B - a wand of flame (18/48)
 P - a wand of paralysis (7/24)
Scrolls
 d - a scroll of random uselessness {unknown}
 e - a scroll of enchant armour {unknown}
 h - a scroll of teleportation
 i - 2 scrolls of noise
 s - 5 scrolls of remove curse
 v - a scroll of blinking {unknown}
 z - 2 scrolls of fear {unknown}
 C - a scroll of immolation
 E - a scroll of enchant weapon {unknown}
 K - a scroll of silence {unknown}
 L - 2 scrolls of amnesia {unknown}
 N - a scroll of acquirement {unknown}
 O - 2 scrolls of identify
Potions
 c - 2 potions of blood
 g - a potion of flight {unknown}
 m - a potion of degeneration {unknown}
 n - 3 potions of agility
 o - 3 potions of brilliance {unknown}
 p - a potion of cancellation {unknown}
 q - 2 potions of lignification
 A - a potion of berserk rage {unknown}
 H - 2 potions of curing {unknown}
 R - a potion of ambrosia {unknown}
Books
 b - a book of Callings

   Spells                             Type                      Level
   a - Summon Small Mammal            Summoning                    1
   b - Call Imp                       Summoning                    2
   c - Call Canine Familiar           Summoning                    3
   d - Summon Guardian Golem          Hexes/Summoning              3
   e - Summon Lightning Spire         Summoning/Air                4
   f - Summon Ice Beast               Ice/Summoning                4
 D - a book of Enchantments

   Spells                             Type                      Level
   a - Cause Fear                     Hexes                        4
   b - Yara's Violent Unravelling     Hexes/Transmutation          5
   c - Silence                        Hexes/Air                    5
   d - Deflect Missiles               Charms/Air                   6
   e - Discord                        Hexes                        8
 F - a book of Cantrips

   Spells                             Type                      Level
   a - Confusing Touch                Hexes                        1
   b - Animate Skeleton               Necromancy                   1
   c - Summon Small Mammal            Summoning                    1
   d - Apportation                    Translocation                1


   Skills:
 - Level 0.6 Fighting
 + Level 0.1 Short Blades
 * Level 3.1 Polearms
 + Level 3.6 Dodging
 - Level 3.6 Stealth
 - Level 5.4 Spellcasting
 - Level 0.1 Hexes
 - Level 9.0 Summonings
 - Level 3.0 Air Magic


You had 4 spell levels left.
You knew the following spells:

 Your Spells              Type           Power        Failure   Level  Hunger
a - Summon Small Mammal   Summ           ####         1%          1    None
b - Call Imp              Summ           #####...     1%          2    #......
c - Call Canine Familiar  Summ           #####...     1%          3    ##.....
d - Summon Guardian Gole  Hex/Summ       ###.....     6%          3    ##.....
e - Summon Lightning Spi  Summ/Air       ####....     11%         4    ####...


Dungeon Overview and Level Annotations

Branches:
Dungeon (7/15)
 Temple: D:4-7

Altars:
Ru
Zin

Shops:
D:4 (   D:6 ?

Annotations:
D:2 Sigmund


Innate Abilities, Weirdness & Mutations

You heal slowly.
You have razor-sharp teeth.
You have supernaturally acute eyesight. (SInv)
You can survive without breathing.


Message History

The killer bee stings you.
* * * LOW HITPOINT WARNING * * *
The killer bee stings you but does no damage.
You miss the killer bee.
The killer bee is moderately wounded.
You feel sick. The killer bee closely misses you.
The killer bee completely misses you. The killer bee barely misses you.
The killer bee stings you.
* * * LOW HITPOINT WARNING * * *
As you read the scroll of teleportation, it crumbles to dust.
You feel strangely unstable.
You feel sick.
The killer bee stings you but does no damage.
The killer bee stings you!
* * * LOW HITPOINT WARNING * * *
The killer bee misses you. The killer bee closely misses you.
As you read the scroll labeled GONENT DEIKK, it crumbles to dust.
The creatures around you are filled with an inner flame!
It was a scroll of immolation.
The killer bee closely misses you. The killer bee misses you.
The killer bee stings you.
You die...

#..## ....###
......###
#........
######.......
#..##...y#
#yyJ..#
##yy#...#
#@y#........
#########....
#?... ...#
..# ..


You could see a jelly (inner flame) and 6 killer bees.

Vanquished Creatures
  A bullfrog (D:6)
  2 killer bees (D:6)
  2 orc wizards
  A centaur skeleton (D:5)
  A worker ant (D:6)
  A hound skeleton (D:5)
  3 adders
  2 gnolls (D:6)
  A shadow imp (D:4)
  4 oozes
  An adder skeleton (D:5)
  2 dart slugs
  7 leopard geckos
  10 orcs
  A giant cockroach (D:5)
  10 goblins
  10 hobgoblins
  6 kobolds
  2 quokkas (D:3)
  A ball python (D:6)
  5 bats
  3 frilled lizards (D:3)
  A giant cockroach zombie (D:6)
  A rat (D:5)
78 creatures vanquished.

Vanquished Creatures (collateral kills)
  5 soldier ants (D:6)
  A water moccasin (D:5)
  Duvessa (D:5)
  An ice beast (D:5)
  A black bear (D:6)
  A phantom (D:5)
  4 ogres
  2 centaurs
  The ghost of Atlas the Insei, an amateur OpTm of Sif Muna (D:4)
  A scorpion (D:6)
  Dowan (D:5)
  6 killer bees (D:6)
  A howler monkey (D:6)
  A crimson imp (D:5)
  A jelly (D:6)
  2 orc priests (D:3)
  4 hounds
  6 orc wizards
  An iguana (D:4)
  7 worker ants
  9 adders
  2 howler monkey skeletons
  2 gnolls (D:6)
  A shadow imp (D:6)
  An adder zombie (D:5)
  4 worms
  A dart slug (D:1)
  4 leopard geckos
  18 orcs
  2 ball pythons (D:1)
  A bat (D:1)
  4 hobgoblins
  2 frilled lizards
  7 goblins
  7 kobolds
  2 quokka zombies (D:5)
  2 rats (D:1)
  A plant (D:5)
118 creatures vanquished.

Vanquished Creatures (others)
  A sky beast (D:6)
  A plant (D:5)
2 creatures vanquished.

Grand Total: 198 creatures vanquished

Notes
Turn   | Place    | Note
-------+----------+-------------------------------------------
     0 | D:1      | FerrousOx the Vampire Summoner began the quest for the Orb.
     0 | D:1      | Reached XP level 1. HP: 13/13 MP: 3/3
   485 | D:1      | Reached XP level 2. HP: 15/19 MP: 3/5
   553 | D:1      | Learned a level 2 spell: Call Imp
  2414 | D:2      | Reached XP level 3. HP: 25/25 MP: 1/6
  2512 | D:2      | Noticed Sigmund
  3723 | D:3      | Found a glowing silver altar of Zin.
  3805 | D:3      | Reached XP level 4. HP: 31/31 MP: 5/8
  3819 | D:3      | Learned a level 3 spell: Call Canine Familiar
  4619 | D:3      | Reached skill level 5 in Summonings
  5060 | D:3      | Reached XP level 5. HP: 33/36 MP: 9/9
  6356 | D:4      | Found Wuffa's Weapon Shop.
  6358 | D:4      | Noticed Atlas's ghost (amateur OpTm)
  6376 | D:4      | Killed Atlas's ghost
  6908 | D:4      | Noticed an ogre
  6955 | D:4      | Killed an ogre
  6955 | D:4      | Reached XP level 6. HP: 34/42 MP: 11/11
  7214 | D:4      | Reached skill level 6 in Summonings
  7256 | D:4      | Learned a level 3 spell: Summon Guardian Golem
  7897 | D:5      | Entered Level 5 of the Dungeon
  8033 | D:5      | Noticed a water moccasin
  8099 | D:5      | Killed a water moccasin
  8131 | D:5      | Learned a level 4 spell: Summon Lightning Spire
  8417 | D:5      | Noticed a spatial vortex
  8647 | D:5      | Noticed an ice beast
  8648 | D:5      | Reached XP level 7. HP: 47/47 MP: 9/13
  8673 | D:5      | Reached skill level 1 in Air Magic
  8799 | D:5      | Noticed Dowan
  8805 | D:5      | Noticed Duvessa
  8821 | D:5      | Killed Dowan
  9493 | D:5      | Killed Duvessa
  9493 | D:5      | Reached skill level 7 in Summonings
 10581 | D:6      | Found Xosesene's Magic Scroll Shop.
 10823 | D:6      | Reached skill level 5 in Spellcasting
 10823 | D:6      | Reached XP level 8. HP: 53/53 MP: 9/15
 10823 | D:6      | Reached skill level 1 in Polearms
 11223 | D:6      | Found a runed door.
 11262 | D:6      | Found a runed gate.
 11269 | D:6      | Found the +9 staff of Olgreb {rPois}
 11275 | D:6      | Found a runed door.
 11546 | D:6      | Found a runed gate.
 11546 | D:6      | Found a runed gate.
 11747 | D:6      | Reached skill level 8 in Summonings
 12227 | D:4      | Bought a +3 spear of freezing for 246 gold pieces
 12470 | D:6      | Reached skill level 9 in Summonings
 12863 | D:6      | HP: 1/53 [gnoll/halberd (6)]
 13629 | D:6      | Found a sacrificial altar of Ru.
 13781 | D:6      | Became a worshipper of Ru the Awakened
 13855 | D:7      | Slain by a killer bee

Vault maps used:
D:1:      kennysheep_arrival_seaside, glass_columns_a, serial_park_tiny_1
D:2:      uniq_sigmund
D:3:      zin_treasury
D:4:      serial_shops, shop, first_bread, kennysheep_boxes
D:5:      serial_bayou, serial_bayou_lake_a, serial_bayou_pond_b,
          serial_bayou_pond_b, serial_bayou_ford_a, gup_sewer_entry_bubbles,
          st_stairs_14, uniq_duvessa
D:6:      corexii_shantytown, serial_shops, nicolae_shop_trees, basic_altar,
          minmay_misc_feat_cross, minmay_crystal_room,
          minmay_guarded_unrand_staff_of_olgreb
D:7:      nemelex_xobeh_ov_fountains_minmay, minmay_temple_entry_junction,
          uniq_crazy_yiuf_cottage

Skill      XL: |  1  2  3  4  5  6  7  8 |
---------------+-------------------------+-----
Dodging        | 3 |  3.6
Spellcasting   | 3 4 5 |  5.4
Summonings     | 5 6 7 9 |  9.0
Air Magic      | 2 3 |  3.0
Polearms       | 3 |  3.1
Fighting       | |  0.6
Short Blades   | |  0.1
Stealth        | |  3.6
Hexes          | |  0.1

Action                   |  1- 3 |  4- 6 |  7- 9 || total
-------------------------+-------+-------+-------++-------
Melee: Spear             |    63 |   142 |   161 ||   366
       Bite              |     3 |     8 |    18 ||    29
       Unarmed           |     1 |       |       ||     1
       Dagger            |       |     3 |     4 ||     7
Throw: Javelin           |     5 |       |       ||     5
 Cast: Summon Small Mamm |    32 |     3 |       ||    35
       Call Imp          |    26 |    23 |     5 ||    54
       Call Canine Famil |       |    39 |    14 ||    53
       Summon Guardian G |       |     8 |    29 ||    37
       Summon Lightning  |       |     6 |    40 ||    46
  Use: Potion            |     5 |     7 |     5 ||    17
       Scroll            |     3 |     1 |    10 ||    14
 Stab: Sleeping          |     4 |     3 |     5 ||    12
       Distracted        |     1 |     1 |     3 ||     5
  Eat: Corpse            |     1 |     8 |     8 ||    17
Armor: Robe              |     8 |    29 |    27 ||    64
Dodge: Dodged            |    62 |   134 |   169 ||   365

Table legend:
 A = Spawn XP
 B = Non-spawn XP
 C = Spawn XP percentage of total XP
 D = Spawn monster count
 E = Non-spawn monster count
 F = Spawn count percentage of total count
 G = Total turns spent on level
                    A         B        C        D         E        F      G
               +---------+---------+-------+---------+---------+-------+---------
         Total |       0 |    2583 |   0.0 |       0 |     195 |   0.0 | 13855
               +---------+---------+-------+---------+---------+-------+---------
           D:1 |       0 |      22 |   0.0 |       0 |      18 |   0.0 |  1529
           D:2 |       0 |      28 |   0.0 |       0 |      14 |   0.0 |  1117
           D:3 |       0 |     213 |   0.0 |       0 |      34 |   0.0 |  3648
           D:4 |       0 |     235 |   0.0 |       0 |      12 |   0.0 |  1657
           D:5 |       0 |     658 |   0.0 |       0 |      34 |   0.0 |  2249
           D:6 |       0 |    1427 |   0.0 |       0 |      83 |   0.0 |  3638
               +---------+---------+-------+---------+---------+-------+---------
